 Dungeon Crawl Stone Soup version 0.29.1-debian-1-gc3f1650bb9 (webtiles) character file.

Game seed: 14608048625416047271

9298 Pilot the Covert (level 11, 0/129 HPs)
             Began as a Formicid Gladiator on Sept 12, 2022.
             Was a Believer of Wu Jian.
             Slain by a slime creature (7 damage)
             ... on level 10 of the Dungeon.
             The game lasted 00:55:39 (12005 turns).

Pilot the Covert (Formicid Gladiator)              Turns: 12005, Time: 00:55:39

Health: 0/129      AC: 25    Str: 25    XL:     11   Next: 71%
Magic:  0/16       EV:  2    Int:  8    God:    Wu Jian [**....]
Gold:   117        SH:  0    Dex: 19    Spells: 17/17 levels left

rFire   . . .      SeeInvis .   X - +4 trident (freeze)
rCold   + . .      Faith    .   (no shield)
rNeg    . . .      Spirit   +   (body armour currently unavailable)
rPois   +          Reflect  .   (helmet unavailable)
rElec   .          Harm     .   (cloak currently unavailable)
rCorr   .          Rampage  .   (gloves currently unavailable)
Will    +....                   (boots currently unavailable)
Stlth   ++++......              h - amulet of guardian spirit
HPRegen 0.31/turn               s - ring of protection from cold
MPRegen 0.15/turn               W - +6 ring of strength

@: tree-form (expiring)
A: stationary, stasis, torment immunity, boosted hp, permanent stasis, dig
shafts and tunnels, (antennae 3), four strong arms
a: Renounce Religion, Wall Jump


You were on level 10 of the Dungeon.
You worshipped Wu Jian.
Wu Jian was pleased with you.
You were a tree.
You visited 2 branches of the dungeon, and saw 11 of its levels.
You also visited: Sewer.

You collected 644 gold pieces.
You spent 527 gold pieces at shops.

Inventory:

Hand Weapons
 X - a +4 trident of freezing (weapon)
 Z - a +3 long sword
Missiles
 c - a throwing net (quivered)
 y - 13 poisoned darts
 D - a curare-tipped dart
 F - 11 boomerangs
 S - 3 silver boomerangs
 T - a javelin
Armour
 b - a +0 leather armour
 f - a +0 scale mail (melded)
 r - a +0 pair of gloves (melded)
 v - a +1 pair of boots
 x - a +0 troll leather armour
 K - a +0 cloak (melded)
 M - a +2 pair of boots (melded)
 R - a +0 ring mail of cold resistance
Magical Staves
 p - a staff of earth
Jewellery
 g - a ring of protection from cold
 h - an amulet of guardian spirit (around neck)
 s - a ring of protection from cold (left branch)
 N - an amulet of the acrobat
 P - a ring of protection from fire
 W - a +6 ring of strength (right branch)
Wands
 a - a wand of charming (7)
 A - a wand of flame (34)
 L - a wand of iceblast (3)
 U - a wand of acid (10)
Scrolls
 e - 3 scrolls of teleportation
 i - a scroll of vulnerability {unknown}
 j - 2 scrolls of fear
 k - 4 scrolls of identify
 l - a scroll of enchant weapon {unknown}
 m - 2 scrolls of poison
 n - 6 scrolls of noise
 q - 4 scrolls of amnesia
 u - 2 scrolls of summoning
 E - a scroll of silence {unknown}
 G - 3 scrolls of brand weapon
 I - a scroll of immolation {unknown}
 Y - a scroll of blinking {unknown}
Potions
 d - 3 potions of attraction
 o - 4 potions of brilliance
 t - 2 potions of mutation {unknown}
 w - 5 potions of heal wounds
 z - 4 potions of haste
 B - a potion of experience {unknown}
 C - 2 potions of flight {unknown}
 H - a potion of berserk rage {unknown}
 J - 8 potions of curing
 O - 3 potions of might
 Q - 2 potions of lignification
 V - 2 potions of ambrosia {unknown}


   Skills:
 + Level 8.3 Fighting
 * Level 6.0 Polearms
 + Level 7.6 Throwing
 + Level 7.9 Armour
 + Level 7.3 Dodging
 + Level 9.5 Stealth
 + Level 3.7 Spellcasting


You had 17 spell levels left.
You didn't know any spells.
Your spell library contained the following spells:

 Spells                   Type           Power      Damage    Failure   Level
 Sandblast                Erth           2%         2d4       30%         1
 Cigotuvi's Dreadful Rot  Necr/Pois/Air  2%         N/A       41%         2
 Passwall                 Tmut/Erth      0%         N/A       41%         2
 Scorch                   Fire           2%         2d5       41%         2
 Dazzling Flash           Conj/Hex       2%         N/A       65%         3
 Stone Arrow              Conj/Erth      2%         3d7       65%         3
 Animate Armour           Summ/Erth      2%         N/A       96%         4
 Dispel Undead            Necr           1%         3d6       96%         4
 Flame Wave               Conj/Fire      1%         2d4       96%         4
 Agony                    Necr           1%         N/A       100%        5
 Silence                  Hex/Air        0%         N/A       100%        5
 Summon Forest            Summ/Tloc      0%         N/A       100%        5
 Summon Mana Viper        Hex/Summ       1%         N/A       100%        5
 Death Channel            Necr           0%         N/A       100%        6
 Summon Cactus Giant      Summ           0%         N/A       100%        6
 Lehudib's Crystal Spear  Conj/Erth      0%         10d2      100%        8


Dungeon Overview and Level Annotations

Branches:
Dungeon (10/15)            Temple (1/1) D:6           Sewer (visited)
   Lair: D:8-11         Orc: D:9-12

Altars:
Ashenzari
Cheibriados
Dithmenos
Elyvilon
Fedhas
Gozag
Hepliaklqana
Kikubaaqudgha
Makhleb
Nemelex Xobeh
Okawaru
Qazlal
Ru
Sif Muna
Trog
Uskayaw
Vehumet
Wu Jian
Xom
Yredelemnul
Zin
The Shining One

Shops:
D:5 !   D:8 !


Innate Abilities, Weirdness & Mutations

You are a tree.
Your roots penetrate the ground, keeping you stationary.
You cannot be teleported.
You are immune to unholy pain and torment.
Your maximum health is greatly increased.
Your equipment is partially melded.
You cannot be hasted, slowed, berserked, paralysed or teleported.
You can dig through walls and to a lower floor.
((You have a pair of large antennae on your head. (SInv)))
Your four strong arms can wield two-handed weapons with a shield.


Message History

Your two-headed ogre dies!
The slime creature hits you.
You hit the slime creature. You freeze the slime creature.
The slime creature is severely wounded.
The slime creature hits you but does no damage. x2
You hit the slime creature. You freeze the slime creature.
The slime creature is almost dead.
The slime creature hits you!
The slime creature hits you but does no damage.
You puncture the slime creature! You freeze the slime creature.
The slime creature is almost dead.
The slime creature hits you.
The slime creature hits you but does no damage. x2
The slime creature hits you.
You hit the slime creature. You freeze the slime creature.
You kill the slime creature!
The Council accepts your kill. The slime creature hits you.
The slime creature hits you but does no damage. x2
Your Polearms skill increases to level 6!
You puncture the slime creature! You freeze the slime creature.
The slime creature is moderately wounded.
The slime creature hits you but does no damage. x2
The slime creature hits you!
* * * LOW HITPOINT WARNING * * *
You completely miss the slime creature.
The slime creature is moderately wounded.
Your transformation is almost over.
The slime creature hits you.
* * * LOW HITPOINT WARNING * * *
The slime creature hits you!
* * * LOW HITPOINT WARNING * * *
The slime creature hits you.
* * * LOW HITPOINT WARNING * * *
You puncture the slime creature! You freeze the slime creature.
You kill the slime creature!
The Council accepts your kill.
The slime creature hits you but does no damage.
The slime creature hits you!
You die...

##........###
###..##
##......### ####
#....#..#
##.##...# # ##..#
{ ###..# ##....#
{{ . #.....# { #.
##...♣###
...#.##J.J.###
#.....#.)....###
#......#.......#
#.#..............
#...............
...#.#.#.#........
. ##...##........
#.[.# .........


You could see 2 slime creatures.

Vanquished Creatures
  2 two-headed ogres (D:9)
  Pikel (D:6)
  A cyclops (D:6)
  2 trolls
  2 slime creatures (D:10)
  Sigmund (D:3)
  Eustachio (D:6)
  11 yaks (D:9)
  A steam dragon (D:7)
  3 water moccasins
  2 orc warriors
  2 ice beasts (D:5)
  A sky beast (D:6)
  3 ogres
  A centaur (D:5)
  4 lemures
  2 phantoms
  7 kobold brigands
  Blork the orc (D:4)
  4 bullfrogs
  2 scorpions
  7 wights
  A jelly (D:6)
  14 killer bees
  3 electric eels (D:8)
  3 howler monkeys (D:7)
  4 orc priests
  8 hounds
  Crazy Yiuf (D:7)
  3 iguanas
  Natasha (D:2)
  4 orc wizards
  8 gnolls
  4 river rats
  11 adders
  A shadow imp (D:6)
  2 white imps
  3 ufetubi
  7 worms
  A dart slug (D:2)
  17 orcs
  15 endoplasms
  2 giant cockroaches (D:3)
  15 goblins
  6 hobgoblins
  17 kobolds
  7 quokkas
  4 ball pythons
  3 bats
  A frilled lizard (D:2)
  10 rats
237 creatures vanquished.

Vanquished Creatures (collateral kills)
  An acid dragon (D:10)
1 creature vanquished.

Vanquished Creatures (others)
  A two-headed ogre (D:10)
1 creature vanquished.

Grand Total: 239 creatures vanquished

Notes
Turn   | Place    | Note
-------+----------+-------------------------------------------
     0 | D:1      | Pilot the Formicid Gladiator began the quest for the Orb.
     0 | D:1      | Reached XP level 1. HP: 16/16 MP: 1/1
   498 | D:1      | Reached XP level 2. HP: 23/23 MP: 2/2
  1195 | D:2      | Reached skill level 1 in Stealth
  1230 | D:2      | Reached skill level 1 in Armour
  1230 | D:2      | Reached XP level 3. HP: 17/28 MP: 3/3
  1484 | D:2      | Noticed Natasha
  1489 | D:2      | Killed Natasha
  1490 | D:2      | Reached XP level 4. HP: 32/34 MP: 4/4
  1517 | D:2      | Found a faded altar of an unknown god.
  1609 | D:2      | Reached skill level 2 in Stealth
  2219 | D:3      | Reached XP level 5. HP: 41/41 MP: 5/5
  2641 | D:3      | Found a glowing drain.
  2645 | Sewer    | Entered a sewer
  3210 | Sewer    | Noticed a kobold brigand
  3228 | Sewer    | Killed a kobold brigand
  3229 | Sewer    | Reached skill level 3 in Stealth
  3229 | Sewer    | Reached XP level 6. HP: 37/47 MP: 3/6
  3591 | Sewer    | Reached XP level 7. HP: 44/53 MP: 4/7
  3998 | D:3      | Noticed Sigmund
  4006 | D:3      | Killed Sigmund
  4007 | D:3      | Reached skill level 4 in Stealth
  4554 | D:4      | Reached XP level 8. HP: 53/61 MP: 6/8
  4762 | D:4      | Noticed Blork the orc
  4766 | D:4      | Killed Blork the orc
  5018 | D:4      | You fall into a shaft and drop 1 floor!
  5018 | D:5      | Entered Level 5 of the Dungeon
  5079 | D:5      | Reached skill level 5 in Stealth
  5153 | D:5      | Reached skill level 5 in Fighting
  5278 | D:5      | Found a blossoming altar of Fedhas.
  5480 | D:5      | Reached skill level 5 in Dodging
  5682 | D:5      | Reached skill level 5 in Throwing
  5682 | D:5      | Reached XP level 9. HP: 68/68 MP: 9/9
  5724 | D:5      | Reached skill level 5 in Armour
  5724 | D:5      | Reached skill level 6 in Stealth
  5790 | D:5      | Found Qitematt's Distillery.
  5798 | D:5      | Bought a potion of might for 52 gold pieces
  5798 | D:5      | Bought a potion of degeneration for 13 gold pieces
  5798 | D:5      | Bought a potion of heal wounds for 65 gold pieces
  5798 | D:5      | Bought a potion of curing for 39 gold pieces
  5798 | D:5      | Bought a potion of curing for 39 gold pieces
  5798 | D:5      | Bought a potion of lignification for 39 gold pieces
  5798 | D:5      | Bought a potion of might for 52 gold pieces
  6226 | D:4      | Found a burning altar of Makhleb.
  6229 | D:4      | Found a shadowy altar of Dithmenos.
  6231 | D:4      | Found a shimmering blue altar of Sif Muna.
  6332 | D:4      | Found a sparkling altar of Nemelex Xobeh.
  6334 | D:4      | Found an ornate altar of the Wu Jian Council.
  6356 | D:4      | Became a worshipper of the Wu Jian Council
  6486 | D:1      | You fall into a shaft and drop 1 floor!
  6489 | D:2      | You fall into a shaft and drop 2 floors!
  6492 | D:4      | You fall into a shaft and drop 3 floors!
  6944 | D:6      | Noticed Pikel
  6964 | D:6      | Killed Pikel
  6965 | D:6      | Reached skill level 7 in Stealth
  7107 | D:6      | Found a staircase to the Ecumenical Temple.
  7314 | D:6      | Reached XP level 10. HP: 77/77 MP: 10/10
  7335 | D:6      | Found a broken altar of Ashenzari.
  7378 | D:6      | Noticed Eustachio
  7402 | D:6      | Killed Eustachio
  7434 | D:6      | Reached * piety under Wu Jian
  7701 | D:6      | Noticed a cyclops
  7707 | D:6      | Killed a cyclops
  7708 | D:6      | Reached skill level 8 in Stealth
  7708 | D:6      | Reached skill level 1 in Spellcasting
  7932 | Temple   | Entered the Ecumenical Temple
  8943 | D:7      | Found a runed translucent door.
  8944 | D:7      | Noticed Crazy Yiuf
  8950 | D:7      | Killed Crazy Yiuf
  9128 | D:8      | Found a sacrificial altar of Ru.
 10062 | D:8      | Found Waluw's Distillery.
 10067 | D:8      | Bought a potion of lignification for 36 gold pieces
 10067 | D:8      | Bought 2 potions of curing for 72 gold pieces
 10067 | D:8      | Bought a potion of might for 48 gold pieces
 10067 | D:8      | Bought 2 potions of attraction for 72 gold pieces
 10584 | D:9      | Noticed a two-headed ogre
 10593 | D:9      | Killed a two-headed ogre
 10594 | D:9      | Reached XP level 11. HP: 85/85 MP: 14/14
 10641 | D:9      | Noticed a two-headed ogre
 10649 | D:9      | Killed a two-headed ogre
 10724 | D:9      | Reached skill level 9 in Stealth
 10726 | D:9      | Reached skill level 5 in Polearms
 11046 | D:9      | Reached ** piety under Wu Jian
 11724 | D:10     | Entered Level 10 of the Dungeon
 11978 | D:10     | Noticed a two-headed ogre
 12004 | D:10     | HP: 6/129 [slime creature (5)]
 12005 | D:10     | Slain by a slime creature

Illustrated notes

Levels and vault maps discovered:
D:1:      evilmike_arrival_rings, layout_loops_corners, serial_bayou_crossing
D:2:      layout_basic, dreamdust_ecumenical_altar_statues,
          serial_park_tiny_pond, minmay_misc_feat_tiny,
          minmay_indecisive_spiral, uniq_natasha
D:3:      layout_basic, gup_sewer_entry_spiral, uniq_sigmund
D:4:      layout_loops_ring, nicolae_overflow_hidden_temple, uniq_blork_the_orc
D:5:      layout_basic, fedhas_altar_2, serial_shops, shop_fountains,
          minmay_ogre_servants
D:6:      layout_layer_cave, mainiacjoe_overflow_six_doors_small,
          minmay_temple_entry_mist, minmay_three_doors, uniq_pikel,
          uniq_eustachio
D:7:      layout_loops_ring, uniq_crazy_yiuf_cottage
D:8:      layout_loops_cross, nicolae_ru_sacrificial_ziggurat, serial_shops,
          nicolae_shop_hallway_stairs, water_maze_lemuel
D:9:      layout_loops_ring
D:10:     layout_cross, lair_entry_dummy, serial_shops, kennysheep_mini_moat,
          nicolae_two_hexagons, dk_noncrumbling_4, nicolae_shop_clearance
Temple:   nicolae_temple_great_sept

Skill      XL: |  1  2  3  4  5  6  7  8  9 10 11 |
---------------+----------------------------------+-----
Stealth        | 1 2 3 4 5 7 8 9 |  9.5
Armour         | 1 2 3 4 6 7 |  7.9
Dodging        | 3 4 5 6 7 |  7.3
Fighting       | 3 4 5 6 7 8 |  8.3
Throwing       | 3 4 5 6 7 |  7.6
Spellcasting   | 2 3 |  3.7
Polearms       | 4 6 |  6.0

Action                   |  1- 3 |  4- 6 |  7- 9 | 10-12 || total
-------------------------+-------+-------+-------+-------++-------
Melee: Trident           |    43 |   249 |    63 |   268 ||   623
       Punch             |       |     2 |     3 |     6 ||    11
       Halberd           |       |       |   267 |    84 ||   351
Throw: Javelin           |       |     1 |     1 |     4 ||     6
       Dart              |       |       |     7 |    20 ||    27
       Boomerang         |       |       |     4 |    21 ||    25
       Throwing net      |       |       |     1 |     1 ||     2
Invok: Lunge             |       |       |     3 |    10 ||    13
       Whirlwind         |       |       |       |     9 ||     9
 Abil: Dig               |       |     1 |     1 |       ||     2
       Shaft Self        |       |       |     3 |       ||     3
Evoke: Wand              |       |       |     1 |     7 ||     8
  Use: Scroll            |       |       |       |     9 ||     9
       Potion            |       |       |       |     1 ||     1
 Stab: Sleeping          |       |       |     9 |     3 ||    12
       Distracted        |       |       |       |     2 ||     2
Armor: Scale mail        |    18 |   106 |   157 |   138 ||   419
       Leather armour    |     2 |       |       |       ||     2
       Skin              |       |       |       |    13 ||    13
Dodge: Dodged            |    21 |   150 |   224 |   243 ||   638
